 Dungeon Crawl Stone Soup version 0.20.0-14-g326068f (console) character file.

29097 2d6 the Spry (level 13, -13/66 HPs)
             Began as a Felid Berserker on June 9, 2017.
             Was the Champion of Trog.
             Mangled by a deep troll (16 damage)
             ... on level 2 of the Orcish Mines.
             The game lasted 01:24:26 (19060 turns).

2d6 the Spry (Felid Berserker)                     Turns: 19060, Time: 01:24:27

Health: -13/66     AC:  9    Str: 18    XL:     13   Next: 13%
Magic:  23/23      EV: 34    Int: 10    God:    Trog [******]
Gold:   865        SH:  0    Dex: 19    Spells: 12/12 levels left
                                        Lives:  0   Deaths: 4

rFire    . . .     SeeInvis +     - Unarmed
rCold    + . .     Gourm    .   (shield unavailable)
rNeg     . . .     Faith    +   (armour unavailable)
rPois    .         Spirit   .   (helmet unavailable)
rElec    .         Reflect  .   (cloak unavailable)
rCorr    .         Harm     .   (gloves unavailable)
MR       +....                  (boots unavailable)
Stlth    +++++.....             d - amulet of faith
Regen    0.3/turn               n - +4 ring of protection
MPRegen  0.2/turn               x - +4 ring of slaying

@: mighty, berserk cooldown, slowed, slow
A: no armour, no weapons or thrown items, stealth, claws 1, fangs 3, icy blue
scales 1, see invisible, carnivore 3, speed 1, shaggy fur 3, slow metabolism 1,
sharp paws
a: Berserk, Trog's Hand, Brothers in Arms, Burn Spellbooks, Renounce Religion


You were on level 2 of the Orcish Mines.
You worshipped Trog.
Trog was exalted by your worship.
You were very full.

You visited 4 branches of the dungeon, and saw 20 of its levels.

You collected 1561 gold pieces.
You spent 696 gold pieces at shops.

Inventory:

Jewellery
 c - an uncursed ring of protection from cold
 d - an amulet of faith (around neck)
 e - an uncursed ring of resist corrosion
 n - a +4 ring of protection (left paw)
 o - an uncursed amulet of regeneration
 x - a +4 ring of slaying (right paw)
 z - an uncursed ring of positive energy
 E - an uncursed ring of positive energy
 G - an uncursed ring of protection from fire
 J - a +5 ring of dexterity
 P - a +4 amulet of reflection
 V - a +4 ring of dexterity
Wands
 l - a wand of confusion (22/48)
 q - a wand of acid (7/15)
 s - a wand of iceblast (6/15)
 A - a wand of lightning (7/15)
 B - a wand of polymorph (19/24)
 C - a wand of flame (8/48)
 F - a wand of random effects (26/48)
 I - a wand of clouds (0/9)
 K - a wand of enslavement (13/24)
 M - a wand of clouds (1/9)
 N - a wand of disintegration (7/24)
 R - a wand of iceblast (6/15)
 S - a wand of enslavement (11/24)
 T - a wand of lightning (7/15)
 X - a wand of confusion (13/48)
 Y - a wand of polymorph (10/24)
Scrolls
 b - 12 scrolls of remove curse
 h - 5 scrolls of teleportation
 t - 4 scrolls of immolation
 y - 5 scrolls of fear
 O - a scroll of blinking
 Q - 2 scrolls of magic mapping
 U - 2 scrolls of identify
 W - a scroll of fog
Potions
 f - 6 potions of lignification
 g - 3 potions of curing
 j - 4 potions of might
 k - 2 potions of ambrosia
 m - a potion of mutation
 r - 6 potions of haste
 u - a potion of resistance
 v - 3 potions of brilliance
 w - 5 potions of flight
 D - 5 potions of cancellation
 H - 2 potions of invisibility
 Z - a potion of agility {unknown}
Miscellaneous
 i - 2 boxes of beasts
Comestibles
 a - 13 meat rations
 p - 6 royal jellies
 L - 8 chunks of flesh


   Skills:
 + Level 13.4 Fighting
 + Level 16.9 Dodging
 + Level 9.4 Stealth
 + Level 13.3 Unarmed Combat
 - Level 12.0 Evocations


You had 12 spell levels left.
You didn't know any spells.

Dungeon Overview and Level Annotations

Branches:
Dungeon (11/15)            Temple (0/1) D:6            Lair (6/6) D:10
 Shoals (0/4) Lair:4        Snake (0/4) Lair:2        Slime (1/5) Lair:6
    Orc (2/2) D:10            Elf (0/3) Orc:2

Altars:
Cheibriados
Jiyva

Shops:
D:5 (   Orc:1 ?   Orc:2 [[%

Annotations:
D:7 exclusion: ice statue


Innate Abilities, Weirdness & Mutations

You cannot wear armour.
You are incapable of wielding weapons or throwing items.
Your paws allow you to move quietly. (Stealth)
You have sharp claws.
You have razor-sharp teeth.
You have supernaturally acute eyesight. (SInv)
You are carnivorous and can eat meat at any time.
You cover ground quickly.
Your thick and shaggy fur keeps you warm. (AC +3, rC+)
You have a slow metabolism.
Your sharp claws are effective at attacking unaware monsters.
You are partially covered in icy blue scales. (AC +2)


Message History

The deep troll completely misses you. x2; The deep troll closely misses you.
You feel very mighty all of a sudden.
The ogre mage hits you but does no damage.
The ogre mage gestures at you while chanting.
The bolt of lightning misses you. The deep troll completely misses you.
The deep troll closely misses you.
The deep troll claws you but does no damage.
The ogre completely misses you. x3; The ogre mage barely misses you.
Lightning arcs down from a storm cloud!
Okay, then.
As you read the scroll of fear, it crumbles to dust.
You assume a fearsome visage.
The ogre looks frightened! x4
The ogre mage looks frightened!
The ogre looks frightened!
The deep troll resists with some effort.
The deep troll barely misses you. The deep troll misses you.
The deep troll claws you!
* * * LOW HITPOINT WARNING * * *
The ogre cowers, then darts away.
The deep troll bites you!
You die...

......###.#..### ......∩
.....###.....#.## .......
.....# ##.#.....# .§§§§..
....## ###.....##.§§§§..
....# ##...O##O§§§§§.#
.....## ##....O.#)§§§§§..
......# #....)O..§§§§..∩.
.....#####.......T§......
......##.##.....@.O......
#........###.............
#.........###.....O......
##........###............
.÷.......###.............
........##..#).[)........
.............$..)........
.....##.##..............
.....#######...........


You could see an ogre mage (fleeing), a deep troll and 5 ogres.

Vanquished Creatures
  Rupert (Lair:4)
  Gastronok (Lair:1)
  Josephine (Lair:6)
  The ghost of baghtru the Cleaver, a journeyman HOFi of the Shining One (D:11)
  3 hydras
  A yaktaur captain (D:11)
  Fannar (Lair:2)
  5 catoblepae
  A centaur warrior (D:11)
  An anaconda (Lair:4)
  An ogre mage (Orc:2)
  14 two-headed ogres
  7 death yaks (Lair:6)
  A deep troll (Orc:2)
  The ghost of Beldrama the Summoner, a novice MfSu of Hepliaklqana (D:9)
  Pikel (D:8)
  3 manticores
  2 cyclopes (Orc:2)
  Maurice (D:9)
  4 black mambas
  8 spiny frogs
  A torpor snail (Lair:5)
  6 elephants (Lair:6)
  The ghost of boben the Magician, a novice DrWz of Fedhas (D:6)
  An efreet (D:11)
  A rime drake (Lair:4)
  9 komodo dragons
  A freezing wraith (D:11)
  8 trolls (Orc:2)
  4 polar bears
  3 meliai (D:11)
  A hornet (D:9)
  15 blink frogs
  5 hippogriffs
  A shadow (D:11)
  A wraith (Lair:6)
  42 yaks
  A basilisk (Lair:6)
  2 wargs (Orc:2)
  3 acid dragons (D:11)
  14 water moccasins
  3 orc warriors
  3 porcupines
  A slave (D:8)
  An eye of draining (D:10)
  5 ice beasts
  2 phantoms
  A sky beast (D:10)
  A black bear (D:11)
  16 wolves
  21 ogres
  3 centaurs
  9 crocodiles
  A big kobold (D:10)
  10 bullfrogs
  A bullfrog (shapeshifter) (D:10)
  A wyvern zombie (D:10)
  4 scorpions
  A wight (D:10)
  2 electric eels
  A howler monkey (D:8)
  3 bullfrog zombies
  2 centaur zombies
  A quasit (D:5)
  6 crimson imps
  4 centaur skeletons
  3 jellies
  12 orc wizards
  5 orc priests
  7 hounds
  2 bullfrog skeletons
  Terence (D:3)
  3 iguanas
  2 worker ants
  A killer bee zombie (D:10)
  2 bullfrog simulacra
  A hound zombie (D:7)
  A worker ant zombie (D:4)
  A howler monkey zombie (D:5)
  2 howler monkey skeletons
  4 gnolls
  4 adders
  A shadow imp (D:6)
  2 white imps (D:10)
  An ufetubus (D:10)
  An ooze (D:2)
  2 adder skeletons (D:5)
  A worm (D:2)
  2 leopard geckos (D:8)
  43 orcs
  5 giant cockroaches
  3 goblins
  6 hobgoblins
  4 jackals (D:8)
  4 bats (D:1)
  2 frilled lizards (D:1)
  22 kobolds
  A quokka skeleton (D:9)
  2 quokka zombies (D:5)
  5 rats
  A fungus (Lair:6)
441 creatures vanquished.

Vanquished Creatures (collateral kills)
  A tengu warrior (D:11)
  A wyvern (Lair:6)
  7 yaks
  3 wraiths (Lair:6)
  A basilisk (Lair:6)
  A warg (Orc:2)
  6 water moccasins
  An orc warrior (Orc:2)
  A bullfrog (Lair:4)
  An orc wizard (Orc:2)
  An orc priest (D:11)
24 creatures vanquished.

Vanquished Creatures (others)
  A lindwurm (Lair:6)
  3 yaks (Lair:6)
  A slave (D:8)
  A wolf (Lair:6)
  A fungus (Lair:6)
  11 plants
18 creatures vanquished.

Grand Total: 483 creatures vanquished

Notes
Turn   | Place    | Note
-------+----------+-------------------------------------------
     0 | D:1      | 2d6 the Felid Berserker began the quest for the Orb.
     0 | D:1      | Reached XP level 1. HP: 10/10 MP: 2/2
   181 | D:1      | Reached skill level 1 in Stealth
   212 | D:1      | Reached XP level 2. HP: 13/14 MP: 3/3
   738 | D:1      | Reached ** piety under Trog
  1053 | D:2      | Found a faded altar of an unknown god.
  1199 | D:2      | Reached XP level 3. HP: 9/17 MP: 4/4
  2225 | D:3      | Noticed Terence
  2240 | D:3      | Killed Terence
  2240 | D:3      | Reached XP level 4. HP: 18/21 MP: 5/5
  2318 | D:3      | Reached skill level 5 in Dodging
  2319 | D:3      | Reached XP level 5. HP: 15/25 MP: 6/6
  3116 | D:4      | You fall through a shaft for 2 floors!
  3125 | D:5      | Entered Level 5 of the Dungeon
  3227 | D:4      | Noticed an ogre
  3255 | D:4      | Killed an ogre
  3255 | D:4      | Gained mutation: You are covered in thick fur. (AC +2) [Felid growth]
  3255 | D:4      | Reached XP level 6. HP: 28/28 MP: 7/7
  3503 | D:4      | Reached *** piety under Trog
  3503 | D:4      | Reached skill level 1 in Evocations
  3847 | D:5      | Found Douga's Antique Weapon Boutique.
  4057 | D:5      | Reached skill level 5 in Stealth
  4109 | D:5      | Reached XP level 7. HP: 33/33 MP: 9/9
  4135 | D:5      | Reached skill level 6 in Dodging
  4135 | D:5      | Reached skill level 5 in Unarmed Combat
  4352 | D:5      | Reached skill level 5 in Fighting
  4622 | D:6      | Found a staircase to the Ecumenical Temple.
  4794 | D:6      | Noticed boben's ghost (novice DrWz)
  4871 | D:6      | Killed boben's ghost
  4871 | D:6      | Reached skill level 7 in Dodging
  4871 | D:6      | Reached XP level 8. HP: 31/37 MP: 10/12
  5105 | D:7      | Noticed a hippogriff
  5112 | D:7      | Killed a hippogriff
  5360 | D:7      | Reached skill level 8 in Dodging
  5367 | D:7      | Reached skill level 5 in Evocations
  5532 | D:7      | Reached XP level 9. HP: 42/42 MP: 13/13
  5812 | D:7      | Noticed an ice statue
  6016 | D:8      | Noticed Pikel
  6026 | D:8      | Killed Pikel
  6026 | D:8      | Reached skill level 9 in Dodging
  6105 | D:8      | Noticed a two-headed ogre
  6117 | D:8      | Killed a two-headed ogre
  6199 | D:8      | Reached **** piety under Trog
  6265 | D:8      | Noticed a two-headed ogre
  6273 | D:8      | Killed a two-headed ogre
  6273 | D:8      | Reached skill level 10 in Dodging
  6273 | D:8      | Reached XP level 10. HP: 48/48 MP: 16/16
  6767 | D:9      | Noticed Beldrama's ghost (novice MfSu)
  6775 | D:9      | Killed Beldrama's ghost
  7102 | D:9      | Paralysed by a hornet for 3 turns
  7103 | D:9      | Mangled by a hornet
  7104 | D:9      | Reached XP level 9. HP: -6/44 MP: 15/15
  7255 | D:9      | Noticed Maurice
  7276 | D:9      | Killed Maurice
  7319 | D:10     | Entered Level 10 of the Dungeon
  7393 | D:10     | Reached skill level 11 in Dodging
  7396 | D:10     | Noticed a polar bear
  7409 | D:10     | Killed a polar bear
  7409 | D:10     | Reached XP level 10. HP: 49/49 MP: 17/17
  7413 | D:10     | Reached ***** piety under Trog
  7625 | D:10     | Noticed a two-headed ogre
  7646 | D:10     | Killed a two-headed ogre
  7835 | D:10     | Noticed a two-headed ogre
  7847 | D:10     | Killed a two-headed ogre
  7972 | D:10     | Found a staircase to the Lair.
  8027 | D:10     | Found a snail-covered altar of Cheibriados.
  8190 | D:10     | Found a snail-covered altar of Cheibriados.
  8206 | D:10     | Gained mutation: You are partially covered in icy blue scales. (AC +2) [mutagenic meat]
  8235 | D:10     | Found a staircase to the Orcish Mines.
  8353 | D:10     | Reached skill level 12 in Dodging
  8523 | Orc:1    | Entered Level 1 of the Orcish Mines
  8523 | Orc:1    | Found Fyuhogor's Magic Scroll Boutique.
  8529 | Orc:1    | Bought 3 scrolls of identify for 72 gold pieces
  8566 | Orc:2    | Entered Level 2 of the Orcish Mines
  8621 | Lair:1   | Entered Level 1 of the Lair of Beasts
  8675 | Lair:1   | Noticed an eight-headed hydra
  8681 | Lair:1   | Noticed Gastronok
  8689 | Lair:1   | Killed an eight-headed hydra
  8689 | Lair:1   | Reached XP level 11. HP: 26/53 MP: 19/19
  8697 | Lair:1   | Killed Gastronok
  9048 | Lair:1   | Reached skill level 10 in Unarmed Combat
  9173 | Lair:1   | Reached skill level 10 in Evocations
  9399 | Lair:1   | Reached skill level 10 in Fighting
  9895 | Lair:1   | Reached skill level 13 in Dodging
 10940 | Lair:2   | Noticed Fannar
 10955 | Lair:2   | Killed Fannar
 10955 | Lair:2   | Gained mutation: Your thick and shaggy fur keeps you warm. (AC +3, rC+) [Felid growth]
 10955 | Lair:2   | Reached XP level 12. HP: 58/58 MP: 20/20
 10956 | Lair:2   | Found a staircase to the Snake Pit.
 12429 | Lair:4   | Noticed a six-headed hydra
 12440 | Lair:4   | Slain by a six-headed hydra
 12441 | Lair:4   | Reached XP level 11. HP: 0/82 MP: 19/19
 12441 | Lair:4   | Found a staircase to the Shoals.
 12557 | Lair:4   | Killed a six-headed hydra
 12599 | Lair:4   | Noticed a four-headed hydra
 12623 | Lair:3   | Reached skill level 14 in Dodging
 12813 | Lair:4   | Noticed an anaconda
 12820 | Lair:4   | Noticed Rupert
 12828 | Lair:4   | Killed an anaconda
 12832 | Lair:4   | Killed Rupert
 13043 | Lair:4   | Reached XP level 12. HP: 42/60 MP: 20/20
 13765 | Lair:4   | Killed a four-headed hydra
 13905 | Lair:4   | Reached ****** piety under Trog
 14434 | Lair:5   | Noticed a catoblepas
 14450 | Lair:5   | Killed a catoblepas
 14537 | Lair:5   | Reached skill level 15 in Dodging
 15180 | Lair:6   | Entered Level 6 of the Lair of Beasts
 15400 | Lair:6   | Noticed a catoblepas
 15411 | Lair:6   | Killed a catoblepas
 15455 | Lair:6   | Noticed a catoblepas
 15483 | Lair:6   | Slain by a catoblepas
 15484 | Lair:6   | Reached XP level 11. HP: 0/57 MP: 19/19
 15518 | Lair:6   | Noticed Josephine
 15527 | Lair:6   | Killed Josephine
 15609 | Lair:6   | Reached XP level 12. HP: 61/61 MP: 19/21
 15956 | Lair:6   | Noticed a catoblepas
 15964 | Lair:6   | Killed a catoblepas
 16073 | Lair:6   | Found a viscous altar of Jiyva.
 16073 | Lair:6   | Found a staircase to the Slime Pits.
 16092 | Slime:1  | Entered Level 1 of the Pits of Slime
 16092 | Slime:1  | Noticed an azure jelly
 16156 | Lair:6   | Killed a catoblepas
 16257 | Lair:6   | Noticed a death yak
 16258 | Lair:6   | Noticed a death yak
 16268 | Lair:6   | Killed a death yak
 16272 | Lair:6   | Killed a death yak
 16300 | Lair:6   | Noticed a death yak
 16300 | Lair:6   | Noticed a death yak
 16300 | Lair:6   | Noticed a death yak
 16332 | Lair:6   | Killed a death yak
 16334 | Lair:6   | Noticed a death yak
 16336 | Lair:6   | Killed a death yak
 16339 | Lair:6   | Killed a death yak
 16353 | Lair:6   | Killed a death yak
 16355 | Lair:6   | Noticed a death yak
 16359 | Lair:6   | Killed a death yak
 16360 | Lair:6   | Noticed a catoblepas
 16365 | Lair:6   | Killed a catoblepas
 16365 | Lair:6   | Reached skill level 16 in Dodging
 16741 | D:11     | Reached XP level 13. HP: 65/65 MP: 22/22
 17353 | D:11     | Noticed a sphinx
 17355 | D:11     | Noticed an orc warlord
 17359 | D:11     | Noticed a frost giant
 17373 | D:11     | HP: 3/65 [meliai/hand axe (4)]
 17643 | D:11     | Noticed baghtru's ghost (journeyman HOFi)
 17662 | D:11     | Killed baghtru's ghost
 18073 | Orc:1    | Bought a scroll of acquirement for 624 gold pieces
 18165 | Orc:2    | Mangled by a two-headed ogre
 18166 | Orc:2    | Reached XP level 12. HP: -10/94 MP: 21/21
 18182 | Orc:2    | Found a staircase to the Elven Halls.
 18306 | Orc:2    | Noticed an ogre mage
 18327 | Orc:2    | Killed an ogre mage
 18485 | Orc:2    | Killed a two-headed ogre
 18651 | Orc:2    | Killed a two-headed ogre
 18975 | Orc:2    | Killed a two-headed ogre
 18985 | Orc:2    | Killed a two-headed ogre
 19016 | Orc:2    | Found Tolucat's Armour Shop.
 19018 | Orc:2    | Killed a two-headed ogre
 19020 | Orc:2    | Found Quh Jocs's Armour Boutique.
 19029 | Orc:2    | Killed a two-headed ogre
 19029 | Orc:2    | Reached XP level 13. HP: 60/66 MP: 23/23
 19032 | Orc:2    | Found Septouru's Food Shoppe.
 19060 | Orc:2    | HP: 3/66 [deep troll (10)]
 19060 | Orc:2    | Mangled by a deep troll

Skill      XL: |  1  2  3  4  5  6  7  8  9 10 11 12 13 |
---------------+----------------------------------------+-----
Stealth        | 1 2 3 4 5 9 7 |  9.4
Dodging        | 5 7 8 11 12 14 16 | 16.9
Unarmed Combat | 4 5 6 7 9 11 12 13 | 13.3
Fighting       | 4 5 6 7 9 11 12 13 | 13.4
Evocations     | 2 4 5 8 9 10 12 | 12.0

Action                   |  1- 3 |  4- 6 |  7- 9 | 10-12 | 13-15 || total
-------------------------+-------+-------+-------+-------+-------++-------
Melee: Unarmed           |   107 |    98 |   209 |   886 |   154 ||  1454
       Bite              |    12 |    13 |    35 |   134 |    19 ||   213
       Punch             |     2 |     3 |    12 |    67 |     9 ||    93
Invok: Berserk           |     1 |     3 |     9 |    24 |     7 ||    44
       Trog's Hand       |       |     1 |     2 |     5 |     2 ||    10
       Burn Spellbooks   |       |       |     1 |     7 |       ||     8
       Brothers in Arms  |       |       |       |     5 |     3 ||     8
Evoke: Wand              |       |       |     4 |     7 |     5 ||    16
  Use: Scroll            |     1 |     4 |    12 |    18 |     6 ||    41
       Potion            |       |       |       |     6 |     4 ||    10
 Stab: Sleeping          |     3 |     4 |     4 |    22 |     2 ||    35
       Distracted        |       |     1 |     1 |     7 |     1 ||    10
       Petrified         |       |       |       |     1 |       ||     1
  Eat: Chunk             |    11 |     6 |    16 |    67 |    11 ||   111
Armor: Skin              |     4 |     7 |    20 |    56 |     7 ||    94
Dodge: Dodged            |    67 |    75 |   242 |   827 |   207 ||  1418
Block: Other             |       |       |    24 |    94 |     5 ||   123
       Reflection        |       |       |     2 |       |       ||     2

Vault maps used:
D:1:      lightli_arrival_maybe_door_vault, patterned_corridor
D:2:      minmay_kobold_bridge, chequers_ecumenical_altar_simple_redux,
          first_bread, hangedman_decor_diamond_cutter,
          kennysheep_decorative_pillar
D:3:      cheibrodos_pilgrimage, uniq_terence
D:5:      serial_shops, nicolae_shop_window_shopping, minmay_misc_feat_tiny
D:6:      minmay_temple_entry_glass
D:7:      lemuel_ice_statue
D:8:      grunt_ogre_cave, uniq_pikel
D:9:      uniq_maurice
D:10:     david_lair_shrubbed, orc_0_dummy, serial_ice, serial_ice_b,
          serial_ice_g, serial_ice_e, serial_ice_d, serial_ice_k, serial_ice_o,
          hangedman_decor_push, hangedman_feature_mirror
D:11:     minmay_tile_spiral
Lair:1:   hangedman_lair_unloving_vines, fungi_pond_lemuel, uniq_gastronok
Lair:2:   dummy_snake_entry, uniq_fannar
Lair:3:   st_stairs_3, grunt_megastairs_5
Lair:4:   beast_lair_carwin_large_2, minmay_shoals_entry_beasts,
          lemuel_fruit_fields, grunt_megastairs_4, lemuel_fruit_fields,
          serial_bayou_shore_a, uniq_rupert
Lair:6:   evilmike_catoblepas_cave, dpeg_slime_entry_enclosed_altar,
          grunt_megastairs_2, lemuel_fruit_tree, infiniplex_staircase_pool_2,
          uniq_josephine
Orc:1:    serial_shops, nicolae_shop_competitors_out_of_business
Orc:2:    st_orc_open, serial_shops, shop_fountains
